 Dungeon Crawl Stone Soup version 0.31-a0-960-g0fca184906 (webtiles) character file.

Game seed: 14319782256552418401

302577 BinkBink the Slayer (level 21, -26/249 HPs)
             Began as an Ogre Fighter on Oct 23, 2023.
             Was the Champion of Qazlal.
             Killed from afar by Vv (50 damage)
             ... on level 1 of the Crypt.
             The game lasted 01:21:32 (41288 turns).

BinkBink the Slayer (Ogre Fighter)                 Turns: 41288, Time: 01:21:34

Health: -26/249    AC: 24    Str: 26    XL:     21   Next: 43%
Magic:  21/21      EV: 17    Int:  9    God:    Qazlal [******]
Gold:   2470       SH:  8    Dex: 16    Spells: 20/20 levels left

rFire   + . .        g - +9 executioner's axe (holy)
rCold   . . .        (shield currently unavailable)
rNeg    + . .        v - +7 swamp dragon scales
rPois   +            A - +2 hat
rElec   .            D - +2 cloak {rPois}
rCorr   .            (gloves unavailable)
SInv    .            (boots unavailable)
Will    +++++        O - amulet of the Four Winds {rN+ Will+++ Clar}
Stlth   +            S - +4 ring of slaying
HPRegen 0.61/turn    t - +4 ring of slaying
MPRegen 0.17/turn

%: repel missiles, clarity
@: about to teleport, frozen, protected from fire, very slow
A: large, unfitting armour, tough skin 1
}: 1/15 runes: serpentine
a: Renounce Religion, Upheaval, Elemental Force, Disaster Area


You were on level 1 of the Crypt.
You worshipped Qazlal.
Qazlal was exalted by your worship.
You visited 8 branches of the dungeon, and saw 36 of its levels.
You visited the Abyss 1 time.

You collected 3700 gold pieces.
You spent 1230 gold pieces at shops.

Inventory:

Hand Weapons
 g - a +9 executioner's axe of holy wrath (weapon)
 s - a +9 broad axe of electrocution
 I - the +7 sling "Zaof" {flame, rElec rF- rN+++ rCorr}
   (You found it on level 11 of the Dungeon)

   rF-:       It makes you vulnerable to fire.
   rElec:     It insulates you from electricity.
   rN+++:     It renders you almost immune to negative energy.
   rCorr:     It protects you from acid and corrosion.
Missiles
 L - a throwing net
Armour
 v - +7 swamp dragon scales (worn)
 A - a +2 hat (worn)
 D - a +2 cloak of poison resistance (worn)
 T - the +3 shadow dragon scales of the Skies Above {rC++ Will- rCorr Str+3 Stlth++++}
   (You acquired it on level 1 of the Snake Pit)

   Str+3:     It affects your strength (+3).
   rC++:      It greatly protects you from cold.
   Will-:     It decreases your willpower.
   rCorr:     It protects you from acid and corrosion.
   Stlth++++: It makes you much more stealthy.
 W - a +3 tower shield of fire resistance
Jewellery
 e - the ring "Dudel" {+Blink Will+}
   (You took it off a deep elf knight on level 3 of the Elven Halls)

   [ring of willpower]

   Will+:     It increases your willpower.
   +Blink:    It lets you blink.
 k - a +5 ring of evasion
 n - a ring of see invisible
 r - a +6 ring of strength
 t - a +4 ring of slaying (right hand)
 u - a ring of poison resistance
 w - a ring of willpower
 y - a +6 ring of strength
 N - an amulet of regeneration
 O - the amulet of the Four Winds (around neck) {rN+ Will+++ Clar}
   (You took it off a deep elf archer on level 3 of the Elven Halls)

   [amulet of nothing]

   rN+:       It protects you from negative energy.
   Will+++:   It greatly increases your willpower.
   Clar:      It protects you from confusion, rage, mesmerisation and fear.
 S - a +4 ring of slaying (left hand)
Wands
 b - a wand of roots (19)
 c - a wand of mindburst (19)
 m - a wand of charming (8)
 x - a wand of flame (29)
 C - a wand of light (17)
 X - a wand of polymorph (8)
Scrolls
 a - a scroll of vulnerability
 h - 4 scrolls of fog
 i - 10 scrolls of immolation
 j - 5 scrolls of revelation
 o - 8 scrolls of teleportation
 F - 12 scrolls of identify
 H - a scroll of brand weapon
 M - 6 scrolls of fear
 U - 4 scrolls of amnesia
 Y - 4 scrolls of poison
Potions
 d - 4 potions of heal wounds
 l - 6 potions of curing
 p - 3 potions of magic
 q - 4 potions of lignification
 z - 4 potions of ambrosia
 B - 7 potions of mutation
 E - 11 potions of enlightenment
 G - 2 potions of cancellation
 J - 7 potions of haste
 K - a potion of invisibility
 P - a potion of resistance
 Q - 2 potions of might
 V - 5 potions of attraction
 Z - 2 potions of brilliance


   Skills:
 + Level 23.0 Fighting
 + Level 18.0 Axes
 + Level 12.6 Armour
 + Level 16.8 Dodging
 + Level 18.2 Shields


You had 20 spell levels left.
You didn't know any spells.
Your spell library contained the following spells:

 Spells                   Type           Power      Damage    Failure   Level
 Apportation              Tloc           0%         N/A       50%         1
 Foxfire                  Conj/Fire      0%         2x1d4     50%         1
 Kiss of Death            Conj/Necr      0%         2d5       50%         1
 Magic Dart               Conj           0%         1d3       50%         1
 Necrotise                Necr           0%         1d4       50%         1
 Sandblast                Erth           0%         2d4       50%         1
 Slow                     Hex            0%         N/A       50%         1
 Summon Small Mammal      Summ           0%         N/A       50%         1
 Blink                    Tloc           0%         N/A       63%         2
 Call Imp                 Summ           0%         N/A       63%         2
 Cigotuvi's Dreadful Rot  Necr/Pois/Air  0%         N/A       63%         2
 Ensorcelled Hibernation  Hex/Ice        0%         N/A       63%         2
 Lesser Beckoning         Tloc           0%         N/A       63%         2
 Momentum Strike          Conj/Tloc      0%         3d8       63%         2
 Passwall                 Tmut/Erth      0%         N/A       63%         2
 Scorch                   Fire           0%         2d5       63%         2
 Searing Ray              Conj           0%         2d4       63%         2
 Static Discharge         Conj/Air       0%         3-3/arc   63%         2
 Confusing Touch          Hex            0%         N/A       86%         3
 Ignite Poison            Fire/Tmut/Pois 0%         N/A       86%         3
 Mephitic Cloud           Conj/Pois/Air  0%         N/A       86%         3
 Ozocubu's Armour         Ice            0%         N/A       86%         3
 Sigil of Binding         Hex            0%         N/A       86%         3
 Stone Arrow              Conj/Erth      0%         3d7       86%         3
 Summon Guardian Golem    Hex/Summ       0%         N/A       86%         3
 Swiftness                Air            0%         N/A       86%         3
 Tukima's Dance           Hex            0%         N/A       86%         3
 Vampiric Draining        Necr           0%         2d6       86%         3
 Animate Dead             Necr           0%         N/A       99%         4
 Brom's Barrelling Bould  Conj/Erth      0%         2d3       99%         4
 Dimensional Bullseye     Hex/Tloc       0%         N/A       99%         4
 Dispel Undead            Necr           0%         3d6       99%         4
 Flame Wave               Conj/Fire      0%         2d4       99%         4
 Fulminant Prism          Conj/Hex       0%         3d5       99%         4
 Iskenderun's Mystic Bla  Conj/Tloc      0%         2d3       99%         4
 Olgreb's Toxic Radiance  Pois           0%         N/A       99%         4
 Passage of Golubria      Tloc           0%         N/A       99%         4
 Sticky Flame             Conj/Fire      0%         2d3       99%         4
 Freezing Cloud           Conj/Ice/Air   0%         6-21      100%        5
 Silence                  Hex/Air        0%         N/A       100%        5
 Yara's Violent Unravell  Hex/Tmut       0%         3d3       100%        5
 Death Channel            Necr           0%         N/A       100%        6
 Summon Cactus Giant      Summ           0%         N/A       100%        6
 Haunt                    Necr/Summ      0%         N/A       100%        7
 Orb of Destruction       Conj           0%         9d5       100%        7
 Ozocubu's Refrigeration  Ice            0%         4d7       100%        7
 Spellforged Servitor     Conj/Summ      0%         N/A       100%        7
 Borgnjor's Revivificati  Necr           0%         N/A       100%        8
 Discord                  Hex            0%         N/A       100%        8
 Ignition                 Fire           0%         3d3       100%        8
 Infestation              Necr           0%         N/A       100%        8
 Lehudib's Crystal Spear  Conj/Erth      0%         10d2      100%        8
 Chain Lightning          Conj/Air       0%         N/A       100%        9
 Death's Door             Necr           0%         N/A       100%        9


Dungeon Overview and Level Annotations

Branches:
Dungeon (15/15)            Temple (1/1) D:5            Lair (5/5) D:8
 Shoals (0/4) Lair:2        Snake (4/4) Lair:3        Slime (0/5) Lair:5
    Orc (2/2) D:11            Elf (3/3) Orc:2        Vaults (5/5) D:13
  Crypt (1/3) Vaults:2     Depths (0/4) D:15

Altars:
Ashenzari
Cheibriados
Dithmenos
Elyvilon
Fedhas
Gozag
Hepliaklqana
Kikubaaqudgha
Makhleb
Nemelex Xobeh
Okawaru
Qazlal
Ru
Sif Muna
Trog
Uskayaw
Vehumet
Wu Jian
Xom
Yredelemnul
Zin
The Shining One
Jiyva

Shops:
D:4 ?   D:8 [   Orc:2 (*[:   Elf:2 *   Snake:2 :   Snake:3 ?:   Vaults:1 ?
Vaults:3 ?

Annotations:
Snake:1 3 runed translucent doors, BinkBink's ghost, journeyman SpHu
Orc:2 3 runed translucent doors, BinkBink's ghost, journeyman TeMo
Vaults:3 1 runed translucent door, jlumianski's ghost, veteran KoBe
Crypt:1 Vv


Innate Abilities, Weirdness & Mutations

You are too large for most types of armour.
You have tough skin. (AC +1)


Message History

The flying skull is lightly damaged.
The flying skull hits you but does no damage.
The flying skull hits you.
* * * LOW HITPOINT WARNING * * *
Your resistance to cold fades away.
You feel protected from physical attacks.
You miss the flying skull.
The flying skull is lightly damaged.
The flying skull misses you.
Unknown command.
You closely miss the flying skull.
The flying skull is lightly damaged.
You block the flying skull's attack. The flying skull closely misses you.
Unknown command.
You slash the flying skull!
The flying skull convulses!
You destroy the flying skull!
Qazlal accepts your kill. Vv rends the earth beneath you!
The blast of magma engulfs you!!
Your resistance to physical damage fades away.
You feel protected from fire.
* * * LOW HITPOINT WARNING * * *
You hear a shout!
Vv calls freezing cold from the walls.
The frost grips you!!
Your resistance to fire fades away.
You feel protected from cold.
* * * LOW HITPOINT WARNING * * *
You are encased in ice.
You feel much better.
As you read the scroll of teleportation, it crumbles to dust.
You feel strangely unstable.
Okay, then.
As you read the scroll of summoning, it crumbles to dust.
Wisps of shadow whirl around you... Vv rends the earth beneath you!
The blast of magma engulfs you!!!
Your resistance to cold fades away.
You feel protected from fire.
You die...

# . ####. #.... ##...#
##.################(...#
......W@V?≈9[.Z.....§...
###################.<.##
#####


You could see Vv (ally target), a basilisk zombie, a friendly vampire mage
(summoned) and a friendly phantasmal warrior (summoned).

Vanquished Creatures
  Mara (Snake:4)
  Bai Suzhen (Snake:3)
  Vashnia (Snake:3)
  Rupert (Orc:2)
  A deep elf master archer (Elf:3)
  Asterion (Snake:3)
  2 deep elf blademasters (Elf:3)
  2 sphinxes (Vaults:2)
  Agnes (D:15)
  Aizul (Elf:1)
  Roxanne (Snake:3)
  7 nagarajas (Snake:4)
  5 deep elf sorcerers
  11 vault wardens
  5 deep elf elementalists
  14 ironbound preservers
  3 war gargoyles (Vaults:4)
  3 formless jellyfish
  8 ironbound thunderhulks
  An orc warlord (Orc:2)
  5 deep elf demonologists
  Azrael (D:15)
  5 deep elf annihilators
  15 dire elephants
  7 deep elf death magi (Elf:3)
  A fire dragon (D:15)
  4 crystal guardians
  Josephine (D:15)
  7 deep elf high priests (Elf:3)
  5 vault guards
  14 yaktaur captains
  2 rakshasas (D:15)
  8 great orbs of eyes
  12 hydras
  7 salamander tyrants
  Erolcha (Orc:2)
  6 peacekeepers
  10 anacondas
  13 ironbound frosthearts
  2 death knights
  24 dancing weapons
  A boulder beetle (D:15)
  5 centaur warriors
  3 two-headed ogres
  A tengu warrior (D:15)
  5 death yaks (Lair:5)
  11 naga sharpshooters
  11 naga warriors
  An orc high priest (Orc:2)
  Nergalle (Orc:2)
  13 deep elf knights
  10 shock serpents
  Amaemon (D:7)
  7 salamander mystics
  36 deep trolls
  A flayed ghost (Abyss:2)
  5 sea snakes (Snake:1)
  2 naga ritualists
  3 glowing orange brains
  6 lindwurms
  A phantasmal warrior (D:15)
  14 ironbound convokers
  6 arcanists
  4 orc knights
  A necromancer (D:15)
  10 deep elf archers
  35 deep elf pyromancers
  3 harpies (Vaults:1)
  5 cyclopes
  20 deep elf zephyrmancers
  8 mana vipers
  2 manticores
  4 orc sorcerers
  17 ugly things
  30 salamanders
  5 elephants (Lair:4)
  2 centaur zombies (D:15)
  29 black mambas
  18 vault sentinels
  Maurice (Orc:2)
  Joseph (D:8)
  9 guardian serpents
  12 naga magi
  A smoke demon (Abyss:2)
  An eye of devastation (Lair:5)
  A gargoyle (D:13)
  An orange demon (D:8)
  Psyche (D:9)
  11 cane toads
  27 yaktaurs
  A centaur skeleton (D:15)
  4 komodo dragons
  A rime drake (D:8)
  Maggie (D:10)
  The ghost of Bnni the Skirmisher, a novice DEHu of Fedhas (D:5)
  An efreet (D:15)
  A freezing wraith (D:15)
  A tengu conjurer (D:15)
  6 polar bears
  7 trolls
  3 hornets
  A glass eye (Lair:5)
  8 blink frogs
  23 slime creatures
  4 dream sheep (Lair:5)
  A meliai zombie (D:15)
  2 centaur simulacra (D:15)
  Sigmund (D:5)
  3 flying skulls (Crypt:1)
  10 spriggans (Lair:5)
  3 air elementals
  6 wraiths
  2 hogs (shapeshifter)
  3 wyverns
  A fire bat (shapeshifter) (D:11)
  3 shadows (D:12)
  5 basilisks
  7 fire elementals
  2 water elementals
  35 yaks
  Grum (D:9)
  A steam dragon (D:7)
  8 humans
  37 nagas
  4 wargs
  17 vampire mosquitoes
  A large abomination (Abyss:2)
  Menkaure (D:5)
  8 acid dragons
  14 water moccasins
  A hell hound (D:15)
  A sky beast (D:6)
  23 orc warriors
  5 black bears
  7 ogres
  2 ice beasts
  51 wolves
  7 boggarts
  A small abomination (Abyss:2)
  6 centaurs
  A phantom (D:5)
  2 kobold brigands
  Blork the orc (Orc:2)
  10 bullfrogs
  A scorpion (D:5)
  3 earth elementals
  4 wights (D:10)
  7 killer bees
  3 electric eels
  4 howler monkeys
  4 hounds
  22 orc priests
  2 gnoll boudas
  3 iguanas
  An iron imp (Abyss:2)
  Natasha (thrice) (D:3)
  23 orc wizards
  A boggart skeleton (D:15)
  8 adders
  16 gnolls
  2 shadow imps
  A white imp (Vaults:2)
  5 ufetubi
  2 worms (D:2)
  2 dart slugs
  97 orcs
  2 ball pythons
  6 endoplasms
  A giant cockroach (D:3)
  7 goblins
  6 hobgoblins
  4 jackals
  3 quokkas
  5 bats
  14 kobolds
  2 rats
  A butterfly (D:8)
1245 creatures vanquished.

Vanquished Creatures (others)
  Kirke (D:15)
  A naga sharpshooter (Snake:3)
  3 deep elf zephyrmancers
  A human (D:15)
  An ogre (Orc:2)
7 creatures vanquished.

Grand Total: 1252 creatures vanquished

Notes
Turn   | Place    | Note
-------+----------+-------------------------------------------
     0 | D:1      | BinkBink the Ogre Fighter began the quest for the Orb.
     0 | D:1      | Reached XP level 1. HP: 24/24 MP: 1/1
   213 | D:1      | Reached XP level 2. HP: 32/32 MP: 2/2
   214 | D:1      | Found a faded altar of an unknown god.
   483 | D:1      | Reached XP level 3. HP: 9/40 MP: 3/3
  1654 | D:2      | Reached XP level 4. HP: 46/49 MP: 2/4
  2305 | D:3      | Found a basalt altar of Yredelemnul.
  2306 | D:3      | Noticed Natasha
  2315 | D:3      | Killed Natasha
  2357 | D:3      | Found a snail-covered altar of Cheibriados.
  2357 | D:3      | Found an ornate altar of the Wu Jian Council.
  2363 | D:3      | Found a shimmering blue altar of Sif Muna.
  2396 | D:3      | Reached skill level 5 in Fighting
  2441 | D:3      | Reached XP level 5. HP: 57/57 MP: 5/5
  2441 | D:3      | Noticed Natasha
  2451 | D:3      | Killed Natasha
  2605 | D:3      | Found a broken altar of Ashenzari.
  2658 | D:3      | Noticed Natasha
  2666 | D:3      | Killed Natasha
  3107 | D:4      | Reached XP level 6. HP: 55/66 MP: 4/6
  3205 | D:4      | Found Gurhocuk's Magic Scroll Boutique.
  3969 | D:5      | Entered Level 5 of the Dungeon
  3969 | D:5      | Found a runed translucent door.
  3973 | D:5      | Noticed Sigmund
  3991 | D:5      | Found an opulent altar of Gozag.
  4410 | D:5      | Reached skill level 6 in Fighting
  4410 | D:5      | Reached XP level 7. HP: 49/75 MP: 4/7
  5109 | D:5      | Found a stormy altar of Qazlal.
  5117 | D:5      | Became a worshipper of Qazlal Stormbringer
  5162 | D:5      | Reached skill level 5 in Shields
  5278 | D:5      | Found a runed translucent gate.
  5278 | D:5      | Identified the +4 whip of World Downfall {freeze, rPois
                  | Str-3 SInv}
  5278 | D:5      | Identified the +1 leather armour "Sagurog" {Stlth+}
  5279 | D:5      | Found a runed translucent gate.
  5280 | D:5      | Found a runed translucent gate.
  5281 | D:5      | Noticed Bnni's ghost (novice DEHu)
  5327 | D:5      | Found a staircase to the Ecumenical Temple.
  5743 | D:5      | Noticed Menkaure
  5753 | D:5      | Killed Menkaure
  5754 | D:5      | Reached skill level 7 in Fighting
  5754 | D:5      | Reached XP level 8. HP: 31/87 MP: 3/8
  6308 | D:6      | Reached skill level 5 in Dodging
  6358 | D:6      | Reached skill level 5 in Axes
  6416 | D:6      | Reached skill level 8 in Fighting
  6427 | D:6      | Reached XP level 9. HP: 14/96 MP: 1/9
  7120 | D:6      | Found an iron altar of Okawaru.
  7169 | D:6      | You fall into a shaft and drop 3 floors!
  7221 | D:8      | Found Boergh's Antique Armour Boutique.
  7254 | D:8      | Reached skill level 9 in Fighting
  7260 | D:8      | Reached * piety under Qazlal
  7610 | D:8      | Identified the +1 scale mail of Peroupah {Fly rCorr}
  7975 | D:7      | Found an ancient bone altar of Kikubaaqudgha.
  8527 | D:8      | Found a shimmering altar of Xom.
  8535 | D:8      | Noticed a rime drake
  8734 | D:8      | Noticed Joseph
  8736 | D:8      | Noticed Amaemon
  8736 | D:8      | Noticed an orange demon
  8757 | D:8      | Killed a rime drake
  8761 | D:8      | Reached XP level 10. HP: 58/110 MP: 6/10
  8938 | D:8      | Found a staircase to the Lair.
  8961 | D:8      | Reached skill level 10 in Fighting
  9054 | D:8      | Paralysed by a hornet for 3 turns
  9328 | D:8      | Reached ** piety under Qazlal
  9422 | D:7      | Identified a scroll of acquirement
  9422 | D:7      | Acquired a +5 broad axe of venom
  9456 | D:8      | Killed Joseph
  9461 | D:7      | Killed Amaemon
  9700 | D:8      | Killed an orange demon
 10022 | D:9      | Found a sparkling altar of Nemelex Xobeh.
 10107 | D:9      | Reached skill level 11 in Fighting
 10127 | D:9      | Noticed a two-headed ogre
 10135 | D:9      | Killed a two-headed ogre
 10136 | D:9      | Reached XP level 11. HP: 84/120 MP: 9/11
 10237 | D:9      | Noticed a cyclops
 10244 | D:9      | Killed a cyclops
 10249 | D:9      | Noticed Grum
 10264 | D:9      | Killed Grum
 10540 | D:9      | Noticed Psyche
 10548 | D:9      | Killed Psyche
 10592 | D:10     | Entered Level 10 of the Dungeon
 10812 | D:10     | Reached *** piety under Qazlal
 10989 | D:10     | Noticed Maggie
 10995 | D:10     | Killed Maggie
 11032 | D:10     | Reached skill level 12 in Fighting
 11737 | D:11     | Identified the +7 sling "Zaof" {flame, rElec rF- rN+++
                  | rCorr}
 12586 | D:11     | Found a staircase to the Orcish Mines.
 12625 | D:11     | Reached **** piety under Qazlal
 13080 | D:12     | Reached skill level 10 in Shields
 13186 | Lair:1   | Entered Level 1 of the Lair of Beasts
 13322 | D:4      | Bought a scroll of enchant weapon for 90 gold pieces
 13322 | D:4      | Bought a scroll of enchant weapon for 90 gold pieces
 13665 | Lair:1   | Reached XP level 12. HP: 110/133 MP: 9/12
 14146 | Lair:2   | Reached skill level 13 in Fighting
 14260 | Lair:2   | Noticed a six-headed hydra
 14264 | Lair:2   | Noticed a four-headed hydra
 14264 | Lair:2   | Killed a seven-headed hydra
 14265 | Lair:2   | Reached skill level 10 in Axes
 14269 | Lair:2   | Killed a seven-headed hydra
 14370 | Lair:2   | Noticed an eight-headed hydra
 14729 | Orc:1    | Entered Level 1 of the Orcish Mines
 15154 | Orc:2    | Entered Level 2 of the Orcish Mines
 15248 | Orc:2    | Identified the maw talisman of Wuwywnal {*Slow rCorr Str-5
                  | Dex+7}
 15248 | Orc:2    | Noticed Rupert
 15268 | Orc:2    | HP: 9/205 [Rupert/+1 triple sword of holy wrath (45)]
 15270 | Orc:2    | Killed Rupert
 15271 | Orc:2    | Reached skill level 10 in Dodging
 15287 | Orc:2    | Noticed a two-headed ogre
 15576 | Orc:2    | Killed a two-headed ogre
 15577 | Orc:2    | Reached skill level 14 in Fighting
 15783 | Orc:2    | Noticed a two-headed ogre
 15795 | Orc:2    | Killed a two-headed ogre
 15864 | Orc:2    | Noticed Maurice
 15867 | Orc:2    | Noticed Blork the orc
 15873 | Orc:2    | Noticed a sun demon
 16311 | Orc:2    | Maurice stole an amulet of faith
 16312 | Orc:2    | Maurice stole the +7 sling "Zaof" {flame, rElec rF- rN+++
                  | rCorr}
 16313 | Orc:2    | Maurice stole 211 gold
 16671 | Orc:2    | Maurice stole 75 gold
 16681 | Orc:2    | Killed Maurice
 16740 | Orc:2    | Noticed an orc high priest
 16793 | Orc:1    | Reached XP level 13. HP: 113/148 MP: 9/13
 16880 | Orc:2    | Reached skill level 1 in Armour
 16902 | Orc:2    | Noticed Nergalle
 16907 | Orc:2    | Killed Nergalle
 16910 | Orc:2    | Reached ***** piety under Qazlal
 17276 | Orc:2    | Noticed an orc warlord
 17307 | Orc:2    | Killed an orc warlord
 17516 | Orc:2    | Killed Blork the orc
 17714 | D:5      | Killed Sigmund
 17889 | D:5      | Killed Bnni's ghost
 17970 | Temple   | Entered the Ecumenical Temple
 18318 | Lair:2   | Found a staircase to the Shoals.
 18899 | Lair:3   | Reached skill level 15 in Fighting
 18934 | Lair:3   | You fall into a shaft and drop 2 floors!
 18934 | Lair:5   | Entered Level 5 of the Lair of Beasts
 19001 | Lair:5   | Found a viscous altar of Jiyva.
 19002 | Lair:5   | Found a staircase to the Slime Pits.
 19081 | Lair:5   | Reached XP level 14. HP: 131/159 MP: 14/14
 19432 | Lair:4   | Reached ****** piety under Qazlal
 20041 | Lair:3   | Found a staircase to the Snake Pit.
 20898 | Lair:5   | Reached skill level 16 in Fighting
 20970 | Lair:5   | Reached skill level 5 in Armour
 21794 | Orc:2    | Found Xesob's Antique Weapon Shop.
 21802 | Orc:2    | Found Komi Soo's Antique Armour Shop.
 21921 | Orc:2    | Found a staircase to the Elven Halls.
 21998 | Orc:2    | Found Rauv's Book Shop.
 22032 | Orc:2    | Found Eduxost's General Store.
 22078 | Orc:2    | Noticed Erolcha
 22085 | Orc:2    | Killed Erolcha
 22089 | Orc:2    | Found a runed translucent gate.
 22089 | Orc:2    | Found a runed translucent gate.
 22089 | Orc:2    | Found a runed translucent gate.
 22091 | Orc:2    | Noticed BinkBink's ghost (journeyman TeMo)
 22519 | Snake:1  | Entered Level 1 of the Snake Pit
 22544 | Lair:3   | Reached XP level 15. HP: 40/171 MP: 0/15
 22707 | Snake:1  | Identified the +0 robe of the Harp {+Blink rN+}
 22886 | Snake:1  | Reached skill level 17 in Fighting
 23106 | Snake:1  | Found a runed translucent gate.
 23107 | Snake:1  | Found a runed translucent gate.
 23107 | Snake:1  | Found a runed translucent gate.
 23107 | Snake:1  | Noticed BinkBink's ghost (journeyman SpHu)
 23338 | Snake:1  | Acquired the +3 shadow dragon scales of the Skies Above
                  | {rC++ Will- rCorr Str+3 Stlth++++}
 24021 | Snake:2  | Found Wawokug's Book Shop.
 24239 | Snake:3  | Noticed Bai Suzhen
 24427 | Snake:3  | Reached XP level 16. HP: 173/185 MP: 16/16
 24457 | Snake:3  | Killed Bai Suzhen
 24549 | Snake:3  | Reached skill level 18 in Fighting
 24657 | Snake:3  | Found Xionkunk's Magic Scroll Boutique.
 24665 | Snake:3  | Bought a scroll of teleportation for 48 gold pieces
 24682 | Snake:3  | Noticed Vashnia
 24727 | Snake:3  | Killed Vashnia
 24773 | Snake:3  | Found Nenaecoe's Book Shop.
 24787 | Snake:3  | Noticed Asterion
 24801 | Snake:3  | Killed Asterion
 24874 | Snake:3  | Noticed Roxanne
 25067 | Snake:3  | Killed Roxanne
 25091 | Snake:4  | Entered Level 4 of the Snake Pit
 25095 | Snake:4  | Noticed a nagaraja
 25133 | Snake:4  | Noticed a nagaraja
 25173 | Snake:4  | Killed a nagaraja
 25357 | Snake:4  | Noticed a nagaraja
 25365 | Snake:4  | Killed a nagaraja
 25547 | Snake:4  | Killed a nagaraja
 25730 | Snake:4  | Noticed a nagaraja
 25747 | Snake:4  | Killed a nagaraja
 25838 | Snake:4  | Reached XP level 17. HP: 168/196 MP: 17/17
 25955 | Snake:4  | Reached skill level 19 in Fighting
 26063 | Snake:4  | Got a serpentine rune of Zot
 26376 | Snake:4  | Reached skill level 15 in Shields
 26427 | Snake:4  | Noticed Mara
 26431 | Snake:4  | Noticed BinkBink's illusion
 28029 | D:13     | Found a gate to the Vaults.
 28178 | D:13     | Reached skill level 15 in Axes
 29110 | D:15     | Entered Level 15 of the Dungeon
 29231 | D:15     | Noticed Azrael
 29239 | D:15     | Killed Azrael
 29338 | D:15     | Noticed Josephine
 29346 | D:15     | Noticed Kirke
 29350 | D:15     | Killed Josephine
 29362 | D:15     | Killed Kirke
 29521 | D:15     | Noticed Agnes
 29532 | D:15     | Killed Agnes
 29794 | D:15     | Found a staircase to the Depths.
 30186 | Snake:4  | Noticed BinkBink's illusion
 30213 | Snake:4  | Noticed BinkBink's illusion
 30230 | Snake:4  | Noticed BinkBink's illusion
 30245 | Snake:4  | Killed Mara
 30619 | Crypt:2  | Identified the of Cachuj
 30619 | WizLab   | Identified the "Ejyadda"
 30619 | Crypt:3  | Identified the "Kucwarit"
 30619 | Depths:3 | Identified the of Jesas
 30619 | Elf:1    | Identified the of Nutoan
 30619 | Elf:1    | Entered Level 1 of the Elven Halls
 30779 | Elf:1    | Reached XP level 18. HP: 193/198 MP: 18/18
 30809 | Elf:1    | Identified the serpent talisman "Maoq" {rC- Str-2 Int+8
                  | Slay+4}
 30809 | Elf:1    | Noticed Aizul
 30823 | Elf:1    | Killed Aizul
 30894 | Elf:1    | Noticed a Tzitzimitl
 31280 | Elf:1    | Reached skill level 20 in Fighting
 32081 | Elf:2    | Paralysed by an air elemental for 1 turns
 32204 | Elf:2    | Reached skill level 10 in Armour
 32350 | Elf:2    | Found Wiazxinez's General Store.
 32359 | Elf:2    | Bought a scroll of teleportation for 42 gold pieces
 32442 | Elf:2    | Found a runed translucent gate.
 32442 | Elf:2    | Found a runed translucent gate.
 32447 | Elf:2    | Found a runed translucent gate.
 32686 | Elf:2    | Reached skill level 15 in Dodging
 33145 | Elf:3    | Entered Level 3 of the Elven Halls
 33398 | Elf:3    | Reached XP level 19. HP: 218/221 MP: 19/19
 33684 | Elf:3    | Identified the +6 mace "Towuena" {distort, rCorr}
 33685 | Elf:3    | Identified the +3 sling "Qeoky" {speed, rPois Str+4 Dex+3
                  | SInv}
 33685 | Elf:3    | Identified the +1 robe of the Circus Animal {rElec rC+
                  | Dex-4}
 33685 | Elf:3    | Identified the ring "Dudel" {+Blink Will+}
 33758 | Elf:3    | Noticed an Ice Fiend
 33812 | Elf:3    | Noticed a Brimstone Fiend
 33818 | Elf:3    | Reached skill level 21 in Fighting
 33830 | Elf:3    | Noticed a Brimstone Fiend
 34237 | Elf:3    | Identified the +4 chain mail "Ynezimni" {Dex+3}
 34249 | Abyss:2  | Cast into level 2 of the Abyss (a deep elf sorcerer)
 34312 | Elf:3    | Escaped the Abyss
 34343 | Elf:3    | Identified the +5 trident of Nyluwef {drain, *Slow Dex+3
                  | SInv}
 34343 | Elf:3    | Identified the +7 crystal plate armour "Alanulesa" {Int+4}
 34980 | Vaults:1 | Entered Level 1 of the Vaults
 35466 | Vaults:1 | Found Exosmis's Magic Scroll Boutique.
 35545 | Vaults:1 | You fall into a shaft and drop 1 floor!
 35635 | Vaults:2 | HP: 6/226 [ironbound thunderhulk/bolt of lightning (50)]
 35870 | Vaults:2 | Reached XP level 20. HP: 222/235 MP: 20/20
 36004 | Vaults:2 | Paralysed by a sphinx for 2 turns
 36494 | Vaults:2 | Reached skill level 22 in Fighting
 36629 | Vaults:2 | Found a staircase to the Crypt.
 36629 | Vaults:2 | Found a basalt altar of Yredelemnul.
 36630 | Vaults:2 | Found an ancient bone altar of Kikubaaqudgha.
 37627 | Vaults:3 | Found Noqec's Magic Scroll Shop.
 38440 | Vaults:3 | Found a runed translucent door.
 38441 | Vaults:3 | Noticed jlumianski's ghost (veteran KoBe)
 38442 | Vaults:3 | Found the +8 demon blade "Leech" {evervamp, Harm Drain rN+}
 38572 | Vaults:3 | Bought a scroll of enchant armour for 150 gold pieces
 38572 | Vaults:3 | Bought a scroll of enchant armour for 150 gold pieces
 38632 | Vaults:1 | Bought a scroll of enchant armour for 150 gold pieces
 39355 | Vaults:4 | Reached XP level 21. HP: 131/247 MP: 21/21
 40797 | Vaults:4 | Reached skill level 23 in Fighting
 41086 | Vaults:5 | Entered Level 5 of the Vaults
 41167 | Vaults:3 | Bought a scroll of enchant weapon for 150 gold pieces
 41228 | Vaults:1 | Bought a scroll of blinking for 150 gold pieces
 41228 | Vaults:1 | Bought a scroll of enchant weapon for 150 gold pieces
 41228 | Vaults:1 | Bought a scroll of teleportation for 60 gold pieces
 41269 | Crypt:1  | Entered Level 1 of the Crypt
 41269 | Crypt:1  | Noticed Vv
 41285 | Crypt:1  | HP: 2/249 [Vv/creeping frost (27)]
 41288 | Crypt:1  | Killed from afar by Vv

Illustrated notes

Levels and vault maps discovered:
D:1:      eino_arrival_cavern_d, layout_loops_ring,
          hellmonk_ecumenical_altar_arch_garden
D:2:      layout_loops_corners
D:3:      layout_basic, mainiacjoe_overflow_catwalk, grunt_temple_overflow_open,
          minmay_crystal_water, uniq_natasha
D:4:      layout_basic, serial_shops, nicolae_shop_tiny_waterfront
D:5:      layout_loops_ring, mainiacjoe_overflow_paths, lemuel_round_altar,
          minmay_temple_entry_trees, biasface_ghost_orc_armoury,
          lightli_church_of_beogh, uniq_sigmund, uniq_menkaure
D:6:      layout_cave_pools, general_overflow_altar, minmay_ruffians
D:7:      layout_basic, mainiacjoe_overflow_tiny_flanked
D:8:      layout_rooms, xom_butterflies, hellmonk_lair_entry_icy, serial_shops,
          nicolae_shop_tiny_real_fake_doors, minmay_misc_feat_plants,
          minmay_misc_feat_tower, interstate_on_off, glass_columns_c,
          uniq_amaemon, uniq_joseph
D:9:      layout_roguey, nemelex_diamond_rough_becter, uniq_psyche, uniq_grum
D:10:     layout_gridville, uniq_maggie
D:11:     layout_basic, erik_orc_4
D:12:     layout_loops_ring, serial_aquarium, aquarium_bridge_square
          [aquarium_subvault_balcony, aquarium_subvault_wall,
          aquarium_subvault_bridge, aquarium_subvault_wall], aquarium_window_1,
          aquarium_window_fake, aquarium_view_2g, aquarium_view_2b,
          aquarium_balcony_1a
D:13:     hellmonk_destroyed_diamonds, layout_long_grid,
          skrybe_vaults_entry_preservation
D:14:     layout_basic, chequers_avenue
D:15:     grunt_enter_depths_magical_seal, layout_loops_ring, dk_noncrumbling_3,
          uniq_azrael, uniq_josephine, uniq_agnes, uniq_kirke
Temple:   grunt_temple_mini_profane
Lair:1:   layout_regular_city, lemuel_fruit_tree
Lair:2:   layout_roguey, elwin_shoals_entry_rocks, serial_bayou_shore_b,
          infiniplex_staircase_pool_2
Lair:3:   layout_regular_city, alex1729_snake_entry_snake
Lair:4:   layout_roguey, nicolae_lair_grove_arrangements,
          nicolae_lair_grazing_beasts [nicolae_sub_lair_graze_edge,
          nicolae_sub_lair_graze_edge, nicolae_sub_lair_graze_edge,
          nicolae_sub_lair_graze_edge]
Lair:5:   minmay_lair_end_enchanted_forest, layout_big_grid,
          minmay_slime_entry_eyes, grunt_megastairs_2, infiniplex_staircase_pool
Snake:1:  layout_cave_shapes, ebering_ghost_rock_garden, serial_bayou_pond_b,
          nicolae_snake_springs
Snake:2:  layout_gridlike, serial_shops, shop, serial_bayou_shore_a,
          grunt_megastairs_3
Snake:3:  layout_rooms, serial_shops, shop, nicolae_take_the_stairs,
          uniq_roxanne, uniq_asterion, uniq_vashnia, uniq_bai_suzhen
Snake:4:  grunt_snake_rune_pools, layout_misc_corridors, drop_trap, uniq_mara
Orc:1:    layout_diamond_mine
Orc:2:    grunt_orc_cross, layout_caves, ebering_ghost_rock_garden,
          mines2_david, uniq_maurice, uniq_erolcha, uniq_rupert
Elf:1:    eino_elf_arrival_the_gate, layout_loops_corners,
          minmay_elf_annihilation, uniq_aizul
Elf:2:    elven_hall_of_blades_hangedman_original [grunt_blade_entry_basic],
          layout_gridlike, serial_shops, nicolae_lakefront_shop
Elf:3:    minmay_elf_hall_curves, layout_gridlike
Vaults:1: hangedman_vaults_capsules, vaults_room_ringed_pool,
          nicolae_vaults_layer_cake_slice, vaults_mumra_minichess,
          vaults_dpeg_ring, nicolae_vaults_enemy_cabinets,
          layout_vaults_omnigrid, serial_shops, shop
Vaults:2: nicolae_vaults_turnstiles, minmay_crypt_entry_necro_gods,
          nicolae_vaults_sealed_display, v_pattern_2,
          nicolae_vaults_sightless_eye, nicolae_vaults_windows_and_doors_thing,
          grunt_vaults_funnel, nicolae_vaults_layer_cake_slice,
          vaults_dpeg_emergency_exit, serial_ice_b, v_misc_14,
          ontoclasm_vaults_fault, layout_vaults_big_room, serial_glass
Vaults:3: ebering_ghost_reflecting_pool, nicolae_vaults_meiosis,
          vaults_mumra_minichess_inversion, nicolae_vaults_frosty_reception,
          hangedman_vaults_stagger, ontoclasm_vaults_loading_screen,
          nicolae_vaults_theta, v_misc_30, vaults_dpeg_doors,
          nicolae_vaults_tetromino_T_2, nicolae_vaults_swerve,
          nicolae_vaults_wine_cellar, layout_vaults_maze, serial_shops, shop
Vaults:4: nicolae_vaults_tetromino_T_1, nicolae_vaults_ring_of_whatevers,
          hangedman_vaults_variations, v_misc_14,
          nicolae_vaults_closet_pinwheel_2, vaults_standard_mumra_lines,
          v_rooms_4, nicolae_vaults_twisting_passages,
          vaults_standard_mumra_enter_the_diamond, hangedman_vaults_impose,
          v_misc_15, nicolae_vaults_trapezoid_1, layout_vaults_omnicross
Vaults:5
Crypt:1:  layout_misc_corridors, uniq_vv

Skill      XL: |  1  2  3  4  5  6  7  8  9 10 11 12 13 14 15 16 17 18 19 20 21 |
---------------+----------------------------------------------------------------+-----
Dodging        | 3 4 5 6 8 9 10 11 12 13 14 15 16 | 16.8
Axes           | 3 4 5 7 8 9 11 12 13 14 15 16 17 18 | 18.0
Fighting       | 5 6 7 8 9 11 12 14 15 16 17 18 19 20 21 22 23 | 23.0
Shields        | 4 5 6 7 8 10 11 12 13 14 15 16 17 18 | 18.2
Armour         | 3 5 7 8 9 10 11 12 | 12.6

Action                     |  1- 3 |  4- 6 |  7- 9 | 10-12 | 13-15 | 16-18 | 19-21 || total
---------------------------+-------+-------+-------+-------+-------+-------+-------++-------
  Melee: War axe           |    79 |   174 |   274 |    31 |       |       |       ||   558
         Broad axe         |       |       |       |   399 |   670 |  1010 |   857 ||  2936
         Executioner's axe |       |       |       |       |       |       |     8 ||     8
    Use: Potion            |       |     1 |     7 |     7 |     3 |     6 |     3 ||    27
         Scroll            |       |       |    14 |    17 |     9 |     8 |    17 ||    65
   Stab: Invisible         |       |       |       |       |       |     5 |       ||     5
 Armour: Robe              |    47 |   117 |   170 |       |       |       |       ||   334
         Skin              |       |     7 |    31 |       |       |       |       ||    38
         Steam dragon scal |       |       |    50 |    88 |       |       |       ||   138
         Swamp dragon scal |       |       |       |   229 |   450 |   571 |   299 ||  1549
  Dodge: Dodged            |    32 |    73 |   126 |   165 |   240 |   301 |   197 ||  1134
         Repelled          |       |       |       |       |    11 |    24 |     5 ||    40
  Block: Kite shield       |    42 |    84 |   164 |   359 |   578 |       |       ||  1227
         Tower shield      |       |       |       |       |   200 |  1257 |   835 ||  2292
         Other             |       |       |       |       |       |       |     2 ||     2

Table legend: (Time is in decaauts)
 A = Elapsed time spent in this place.
 B = Non-inter-level travel time spent in this place.
 C = Inter-level travel time spent in this place.
 D = Time resting spent in this place.
 E = Time spent auto-exploring this place.
 F = Levels seen in this place.
 G = Mean time per level.
                   A        B        C        D        E       F      G
               +--------+--------+--------+--------+--------+-----+--------+
         Total |  41656 |  37591 |   4065 |   5782 |  24241 |  37 | 1125.8 |
       Dungeon |  17907 |  16244 |   1663 |   3317 |  10069 |  15 | 1193.8 |
        Temple |      1 |      0 |      1 |      0 |      0 |   1 |    1.0 |
          Lair |   5315 |   4790 |    525 |    178 |   3871 |   5 | 1063.0 |
     Snake Pit |   4418 |   3932 |    486 |    292 |   2425 |   4 | 1104.5 |
  Orcish Mines |   3756 |   3536 |    220 |    906 |   1969 |   2 | 1878.0 |
   Elven Halls |   4037 |   3903 |    134 |    728 |   2160 |   3 | 1345.7 |
        Vaults |   6138 |   5105 |   1033 |    360 |   3719 |   5 | 1227.6 |
         Crypt |     19 |     19 |      0 |      0 |      0 |   1 |   19.0 |
         Abyss |     61 |     61 |      0 |      0 |     28 |   1 |   61.0 |
               +--------+--------+--------+--------+--------+-----+--------+

Top non-repeatable levels by time:
     D:5: 2435 daAuts
   Orc:1: 1956 daAuts
     D:8: 1873 daAuts
Vaults:3: 1872 daAuts
   Orc:2: 1799 daAuts
     D:4: 1651 daAuts
   Elf:3: 1583 daAuts
Vaults:4: 1552 daAuts
 Snake:4: 1442 daAuts
   Elf:1: 1442 daAuts
Vaults:1: 1368 daAuts
Vaults:2: 1343 daAuts
    D:11: 1332 daAuts
    D:10: 1271 daAuts
 Snake:3: 1237 daAuts
